[Event "*** Titled Tuesday Blitz"]
[Site "Chess.com"]
[Date "2020.05.12"]
[Round "7"]
[White "Papa12341234"]
[Black "diablanni"]
[Result "1/2-1/2"]
[WhiteElo "2498"]
[BlackElo "2319"]
[TimeControl "180+1"]
[EndTime "11:14:28 PDT"]
[Termination "Game drawn by repetition"]

1. e4 c5 2. Nc3 Nc6 3. Nf3 g6 4.
Bb5 Bg7 5. O-O Nf6 6. e5 Ng4 7.
Bxc6 dxc6 8. Re1 O-O 9. d3 Nh6 10. Ne4 b6 11. Bf4 Nf5 12. c3 f6 13. h3 Ba6 14.
Qb3+ Kh8 15. g4 fxe5 16. Nxe5 Nh4 17. Ng5 c4 18. dxc4 Nf3+ 19. Nexf3 Rxf4 20. Ne6 Qd6 21. c5 bxc5 22. Nxf4 Qxf4 23. c4 Rb8 24. Qe3 Qxe3 25. Rxe3 Rxb2 26. Rxe7 Kg8 27. Rxa7 Bxc4 28. Ng5 Bd4 29.
Ra8+ Kg7 30. Ra7+ Kg8 31. Ra8+ Kg7 32. Ra7+ Kg8 1/2-1/2

[Event "*** Titled Tuesday Blitz"]
[Site "Chess.com"]
[Date "2020.05.12"]
[Round "7"]
[White "Witaliss"]
[Black "AwesomeMango"]
[Result "1-0"]
[WhiteElo "2421"]
[BlackElo "2234"]
[TimeControl "180+1"]
[EndTime "11:14:28 PDT"]
[Termination "Witaliss won by checkmate"]

1. d4 d5 2. c4 c6 3. Nf3 e6 4. Nc3 dxc4 5. e4 b5 6. a4 Bb4 7. Be2 a6 8. O-O Bb7 9. Bg5 Be7 10. Qd2 h6 11. Bxe7 Nxe7 12. e5 O-O 13. Ne4 Nd7 14. Nd6 Qb6 15. Qf4 Nd5 16. Qg4 c5 17. dxc5 Nxc5 18.
Nd4 f5 19. Qg6 Nf4 20. Qg3 Ncd3 21. Bxd3 Qxd4 22. Nxb7 Nxd3 23. axb5 axb5 24. Rxa8 Rxa8 25. Nd6 Rb8 26. Qg6 Qxe5 27. Qf7+ Kh8 28. Ne8 Qc5 29. Qxg7# 1-0

[Event "*** Titled Tuesday Blitz"]
[Site "Chess.com"]
[Date "2020.05.12"]
[Round "7"]
[White "CyberneticLion"]
[Black "Mimsychess"]
[Result "1-0"]
[WhiteElo "2533"]
[BlackElo "2332"]
[TimeControl "180+1"]
[EndTime "11:14:29 PDT"]
[Termination "CyberneticLion won by resignation"]

1. e4 e5 2. Nf3 Nc6 3. d4 exd4 4. Nxd4 Nf6 5. Nc3 Bc5 6. Be3 Bb6 7. Nf5 Bxe3 8.
Nxe3 d6 9. Qd2 O-O 10. O-O-O Re8 11. f3 a6 12. g4 b5 13. h4 b4 14. Ncd5 Nxd5 15. Nxd5 Be6 16. Nxb4 Nxb4 17. Qxb4 Rb8 18. Qa3 Qf6 19. Be2 Rb6 20. Kb1 Reb8 21. b3 Qf4 22. Qc1 Qe5 23. h5 Qa5 24. Qb2 h6 25. f4 f6 26. Rhg1 Rc6 27. g5 hxg5 28. fxg5 fxg5 29.
h6 Qe5 30. Qxe5 dxe5 31. Rxg5 1-0

[Event "*** Titled Tuesday Blitz"]
[Site "Chess.com"]
[Date "2020.05.12"]
[Round "7"]
[White "serhanberat_ozdemir"]
[Black "cassoulet"]
[Result "1/2-1/2"]
[WhiteElo "2515"]
[BlackElo "2662"]
[TimeControl "180+1"]
[EndTime "11:14:34 PDT"]
[Termination "Game drawn by repetition"]

1. e4 b6 2. d4 Bb7 3. Bd3 g6 4. Nf3 Bg7 5. O-O c5 6. c3 Nf6 7. e5 Ne4 8. Re1 d5 9. Nbd2 Nxd2 10.
Bxd2 O-O 11. Qe2 Nc6 12. Ba6 Bxa6 13. Qxa6 Qc8 14. Qe2 Qg4 15. h3 Qf5 16. g4 Qc2 17. Qb5 Rac8 18. Rac1 a6 19. Qxa6 Qxb2 20. Rb1 Qc2 21.
Rbc1 Qb2 22. Rb1 Qc2 23. Rbc1 Qb2 1/2-1/2

[Event "*** Titled Tuesday Blitz"]
[Site "Chess.com"]
[Date "2020.05.12"]
[Round "7"]
[White "BigAl"]
[Black "jacky72"]
[Result "0-1"]
[WhiteElo "2476"]
[BlackElo "2658"]
[TimeControl "180+1"]
[EndTime "11:14:36 PDT"]
[Termination "jacky72 won by checkmate"]

1. e4 e5 2. Bc4 Nf6 3. d3 Bc5 4. Nf3 d6 5. c3 Nc6 6. Bb3 a6 7.
Nbd2 Ba7 8. h3 Be6 9. Bc2 h6 10. Nf1 d5 11. Qe2 Qd6 12. Ng3 O-O-O 13. O-O g5 14.
Nh2 d4 15. Qf3 Nd7 16. Nf5 Bxf5 17. Qxf5 Ne7 18. Qf3 Rdg8 19. Bb3 Rg7 20. cxd4 Bxd4 21. Be3 Nc6 22. Rac1 h5 23. Qf5 g4 24. Kh1 Ne7 25.
Qxf7 Rxf7 26. Bxf7 gxh3 27. gxh3 Rf8 28. Bxh5 Bxe3 29. fxe3 Rxf1+ 30. Rxf1 Qxd3 31. Bg4 Qxe4+ 32. Nf3 Nd5 33. Kg1 Nxe3 34. Ng5 Qg2# 0-1

[Event "*** Titled Tuesday Blitz"]
[Site "Chess.com"]
[Date "2020.05.12"]
[Round "7"]
[White "NotFischer"]
[Black "Masterbeaterr"]
[Result "1-0"]
[WhiteElo "2131"]
[BlackElo "2322"]
[TimeControl "180+1"]
[EndTime "11:14:47 PDT"]
[Termination "NotFischer won by checkmate"]

1. Nf3 Nf6 2. g3 e6 3. d4 a6 4. Bg2 b5 5. O-O Bb7 6. a4 b4 7.
Nbd2 d6 8. Re1 Be7 9. e4 O-O 10.
c3 a5 11. Qb3 c5 12. e5 dxe5 13. dxe5 Nd5 14. c4 Nb6 15. Ne4 Nc6 16. Be3 Nd7 17. Rad1 Qc7 18. Nd6 Bxd6 19. exd6 Qb6 20. Qc2 h6 21. b3 Rac8 22. Qd2 Rfd8 23. Bxh6 gxh6 24. Qxh6 Nf8 25. Re4 Nd4 26. Rg4+ Ng6 27. Ng5 Rd7 28. Nxf7 Kxf7 29. Qxg6+ Kf8 30. Qg8# 1-0

[Event "*** Titled Tuesday Blitz"]
[Site "Chess.com"]
[Date "2020.05.12"]
[Round "7"]
[White "tamarozi99"]
[Black "The_Machine04"]
[Result "1-0"]
[WhiteElo "1991"]
[BlackElo "2296"]
[TimeControl "180+1"]
[EndTime "11:14:47 PDT"]
[Termination "tamarozi99 won by resignation"]

1. e4 d6 2. d4 Nf6 3. Nc3 e5 4. Nf3 Nbd7 5. dxe5 dxe5 6. Bc4 Bc5 7. O-O O-O 8. Bg5 c6 9. a4 a5 10. Qe2 h6 11. Bh4 Qc7 12. Rfd1 Nh5 13. Qf1 Nf4 14. Ne2 Ng6 15. Bg3 Nf6 16. Ned4 Bg4 17. Nf5 Bxf3 18. gxf3 Ne7 19. Qh3 Rad8 20. Nxh6+ gxh6 21. Qxh6 Nh7 22. Bh4 Rxd1+ 23. Rxd1 Rd8 24. Bxf7+ Kxf7 25. Qxh7+ Kf8 26. Qh8+ Kf7 27. Rxd8 1-0

[Event "*** Titled Tuesday Blitz"]
[Site "Chess.com"]
[Date "2020.05.12"]
[Round "7"]
[White "Gareth-Bale11"]
[Black "ChristopherYoo"]
[Result "0-1"]
[WhiteElo "2721"]
[BlackElo "2907"]
[TimeControl "180+1"]
[EndTime "11:14:49 PDT"]
[Termination "ChristopherYoo won on time"]

1. d4 Nf6 2. c4 g6 3. Nc3 d5 4. cxd5 Nxd5 5. e4 Nxc3 6. bxc3 Bg7 7. Be3 c5 8. Rc1 O-O 9. Nf3 Qa5 10. Qd2 Rd8 11. d5 e6 12. Be2 b6 13. c4 Qa3 14.
O-O Nc6 15. Rfd1 Nb4 16. h4 Ba6 17. Qe1 Qxa2 0-1

[Event "*** Titled Tuesday Blitz"]
[Site "Chess.com"]
[Date "2020.05.12"]
[Round "7"]
[White "Konavets"]
[Black "Yashasd1995"]
[Result "1-0"]
[WhiteElo "2931"]
[BlackElo "2588"]
[TimeControl "180+1"]
[EndTime "11:14:49 PDT"]
[Termination "Konavets won by resignation"]

1. e4 d5 2. exd5 Nf6 3. Bb5+ Bd7 4. Bc4 b5 5. Bb3 Bg4 6. Nf3 Nxd5 7. h4 e6 8. Qe2 a6 9. d4 Be7 10.
Nc3 c6 11. Ne4 Nd7 12. c3 Qc7 13. Bg5 Nf4 14. Bxf4 Qxf4 15. Qe3 Qxe3+ 16. fxe3 h6 17. Nf2 Bf5 18. e4 Bh7 19. O-O Nf6 20. Rfe1 O-O 21. Rad1 Rfd8 22. Ne5 Rac8 23. g4 Nd7 24. Nf3 c5 25. g5 c4 26. Bc2 e5 27. gxh6 gxh6 28.
Ng4 exd4 29. cxd4 h5 30. Nf2 Kh8 31. Nh3 Rg8+ 32. Kf2 Rg4 33. Nhg5 Bxg5 34. hxg5 Re8 35. Re2 Bxe4 36. Rde1 f5 37. gxf6 Nxf6 38. Ne5 Rg2+ 39. Ke3 Rxe2+ 40. Rxe2 Bxc2 41. Rxc2 Ng4+ 42. Ke4 Nxe5 43.
dxe5 Kg7 44. Kd5 Kg6 45. e6 Rd8+ 46. Ke5 Rd1 47. Rg2+ Kh6 48. e7 Re1+ 49. Kf6 h4 50.
Rg6+ Kh5 51. Rg5+ Kh6 52. Re5 1-0

[Event "*** Titled Tuesday Blitz"]
[Site "Chess.com"]
[Date "2020.05.12"]
[Round "7"]
[White "WhiteCapital80"]
[Black "NikolaGry"]
[Result "0-1"]
[WhiteElo "2452"]
[BlackElo "2634"]
[TimeControl "180+1"]
[EndTime "11:14:52 PDT"]
[Termination "NikolaGry won by resignation"]

1. e4 e5 2. Nf3 d6 3. d4 exd4 4. Nxd4 Nf6 5. Nc3 g6 6. Bc4 Bg7 7. O-O O-O 8. a4 Nc6 9. Nxc6 bxc6 10. Bg5 h6 11. Bh4 Qe8 12. f3 Be6 13. Qd3 Nd7 14.
Bxe6 Qxe6 15. Rab1 a5 16. Ne2 Nc5 17. Qa3 Qc4 18.
Nc3 Rab8 19. Bf2 Rb4 20. Nd1 Qxc2 21. Ne3 Qxa4 22. Qxa4 Nxa4 23. b3 Nc3 24. Rbe1 Rxb3 25. Nc4 a4 26. Kh1 a3 27. Na5 Rb5 28. Nxc6 a2 29. Nd4 Rb1 30. Nc2 Rfb8 0-1

[Event "*** Titled Tuesday Blitz"]
[Site "Chess.com"]
[Date "2020.05.12"]
[Round "7"]
[White "GothamChess"]
[Black "relaxx87"]
[Result "1-0"]
[WhiteElo "2607"]
[BlackElo "2669"]
[TimeControl "180+1"]
[EndTime "11:14:53 PDT"]
[Termination "GothamChess won by resignation"]

1. e4 c5 2. a3 Nc6 3. b4 cxb4 4. axb4 Nxb4 5. c3 Nc6 6. d4 d5 7. exd5 Qxd5 8. Na3 Nf6 9. Nb5 Qd8 10. d5 Ne5 11. Bf4 Nfd7 12. Qd4 f6 13. Nf3 e6 14. dxe6 Nc5 15.
Nxe5 fxe5 16. Qxd8+ Kxd8 17. Bg5+ Be7 18. O-O-O+ Ke8 19. Nc7+ Kf8 20. Bxe7+ Kxe7 21. Nxa8 Nxe6 22. Bc4 Bd7 23.
Bxe6 Bxe6 24. Nc7 Bc4 25. Nd5+ Ke6 26. Ne3 Bb3 27. Rd2 Rc8 28. Kb2 Ba4 29. Re1 h5 30. f4 exf4 31. Nd5+ Kd6 32. Ne7+ 1-0

[Event "*** Titled Tuesday Blitz"]
[Site "Chess.com"]
[Date "2020.05.12"]
[Round "7"]
[White "RubensCezila"]
[Black "nitpicker"]
[Result "1/2-1/2"]
[WhiteElo "2446"]
[BlackElo "2276"]
[TimeControl "180+1"]
[EndTime "11:14:53 PDT"]
[Termination "Game drawn by agreement"]

1. c4 e5 2. Nc3 Nf6 3. g3 d5 4. cxd5 Nxd5 5. Bg2 Nb6 6. Nf3 Nc6 7. O-O Be7 8. d3 O-O 9. Be3 f5 10. Rc1 Be6 11.
a3 Bf6 12. b4 a6 13. b5 axb5 14. Nxb5 Nd5 15. Bc5 Rf7 16. e4 Nde7 17. d4 fxe4 18. Nxe5 Nxe5 19. dxe5 Bxe5 20. Bxe4 Qxd1 21. Rfxd1 c6 22.
Nd6 Bxd6 23. Rxd6 Bd5 24. Bb1 Nf5 25. Bxf5 Rxf5 26. Rd7 Rf7 27. Rxf7 Kxf7 28. Rb1 b5 29. Re1 Re8 30. Rxe8 Kxe8 31. f4 h5 32. Kf2 Kd7 1/2-1/2

[Event "*** Titled Tuesday Blitz"]
[Site "Chess.com"]
[Date "2020.05.12"]
[Round "7"]
[White "marianokar"]
[Black "Nikolaj_6"]
[Result "1-0"]
[WhiteElo "2401"]
[BlackElo "2560"]
[TimeControl "180+1"]
[EndTime "11:14:54 PDT"]
[Termination "marianokar won by resignation"]

1. e4 c5 2. Nf3 d6 3. Bb5+ Bd7 4. Bxd7+ Qxd7 5. c4 e5 6. Nc3 Nc6 7. d3 Be7 8. O-O Bd8 9. a3 Nge7 10. b4 b6 11. bxc5 bxc5 12. Nd5 Nxd5 13. cxd5 Ne7 14. Nd2 O-O 15.
Nc4 f5 16. f3 Rb8 17. a4 Bc7 18. a5 a6 19. Qa4 Rb5 20. Na3 Ra8 21. Bd2 Bd8 22.
Nxb5 axb5 23. Qb3 b4 24. a6 Ra7 25. Qa4 Qxa4 26. Rxa4 g6 27. Rb1 Kf7 28. Bxb4 cxb4 29.
Rbxb4 Nc8 30. Rb7+ Ke8 31. Rc4 Rxa6 32. Rxc8 1-0

[Event "*** Titled Tuesday Blitz"]
[Site "Chess.com"]
[Date "2020.05.12"]
[Round "7"]
[White "umngqusho"]
[Black "MYMChessAcademy"]
[Result "1-0"]
[WhiteElo "2454"]
[BlackElo "2228"]
[TimeControl "180+1"]
[EndTime "11:14:54 PDT"]
[Termination "umngqusho won on time"]

1. e4 c5 2. Nf3 d6 3. d4 cxd4 4. Nxd4 a6 5. Nc3 e6 6. Bc4 b5 7. Bb3 Bb7 8. O-O Nd7 9. f4 Nc5 10. f5 e5 11. Ne6 fxe6 12. Qh5+ Kd7 13. fxe6+ Kc7 14. Nd5+ Kb8 15. Bg5 Ne7 16. Rxf8 Rxf8 17. Bxe7 Qe8 18. Bxd6+ Kc8 19. Nb6+ Kd8 20. e7+ Qxe7 21.
Bxe7+ Kxe7 22. Qxe5+ 1-0

[Event "*** Titled Tuesday Blitz"]
[Site "Chess.com"]
[Date "2020.05.12"]
[Round "7"]
[White "SGchess01"]
[Black "pollo2016"]
[Result "0-1"]
[WhiteElo "2749"]
[BlackElo "2573"]
[TimeControl "180+1"]
[EndTime "11:14:56 PDT"]
[Termination "pollo2016 won by resignation"]

1. e4 c6 2. d4 d5 3. e5 Bf5 4. f3 e6 5. f4 c5 6. Nf3 Nc6 7. Be3 cxd4 8. Nxd4 Nxd4 9. Bxd4 Ne7 10. Nc3 Nc6 11.
Bf2 Bb4 12. a3 Bxc3+ 13. bxc3 Qa5 14. Qd2 O-O-O 15. a4 d4 16. cxd4 Qxd2+ 17. Kxd2 Nxd4 18. Kc3 Nxc2 19. Rc1 Kb8 20. Bb5 a6 21. Bc4 Rc8 22. Kb3 Rc6 23. Be2 Rhc8 24. Kb2 Nb4 25. Rxc6 Rxc6 26. Kb3 Nd5 27. Bf3 Rc3+ 28. Kb2 Rc2+ 0-1

[Event "*** Titled Tuesday Blitz"]
[Site "Chess.com"]
[Date "2020.05.12"]
[Round "7"]
[White "BocharovD"]
[Black "Riptide27"]
[Result "1-0"]
[WhiteElo "2844"]
[BlackElo "2585"]
[TimeControl "180+1"]
[EndTime "11:15:00 PDT"]
[Termination "BocharovD won by resignation"]

1. c4 Nf6 2. g3 g6 3. Bg2 Bg7 4. Nc3 O-O 5. d4 d6 6. Nf3 Nbd7 7. O-O e5 8. e4 exd4 9. Nxd4 Re8 10. h3 Nc5 11.
Re1 Bd7 12. Bf4 Ne6 13. Be3 h6 14. f4 Nxd4 15. Bxd4 Bc6 16. Qd3 Nd7 17. Bxg7 Kxg7 18. Rad1 a5 19. Re2 Nc5 20. Qd4+ Kg8 21. e5 Bxg2 22. Kxg2 Qd7 23. Nd5 Qc6 24. Kh2 dxe5 25. fxe5 Nd7 26. Rf1 Re6 27. Nf4 Re7 28. e6 Nf8 29.
Nd5 Rxe6 30. Rxe6 Qxe6 31. Nf6+ Kh8 32. Nh5+ f6 33. Rxf6 1-0

[Event "*** Titled Tuesday Blitz"]
[Site "Chess.com"]
[Date "2020.05.12"]
[Round "7"]
[White "Munkhzul_Davaakhuu"]
[Black "I_Hit_18K_on_BS"]
[Result "1-0"]
[WhiteElo "1930"]
[BlackElo "2150"]
[TimeControl "180+1"]
[EndTime "11:15:00 PDT"]
[Termination "Munkhzul_Davaakhuu won by checkmate"]

1. e4 c5 2. Nf3 d6 3. d4 cxd4 4.
Nxd4 Nf6 5. Nc3 a6 6. Nb3 e5 7.
Bg5 Be6 8. Bxf6 gxf6 9. Bd3 Rg8 10. Qf3 Nc6 11. h3 Bxb3 12. axb3 Nd4 13. Qh5 Rxg2 14. O-O-O Qa5 15. Kb1 Rxf2 16. Rhf1 Rxf1 17. Rxf1 Be7 18.
Qxh7 Rc8 19. Bc4 b5 20. Qxf7+ Kd8 21. Nd5 Nc6 22. Nxe7 Nxe7 23. Be6 Qd2 24. Qf8+ Kc7 25. Qxe7+ Kb8 26. Bxc8 Kxc8 27. Qxf6 Kc7 28. Qe7+ Kc6 29.
Qe8+ Kc5 30. Qc8+ Kd4 31. Qc3+ Qxc3 32. bxc3+ Kxe4 33. h4 Ke3 34. h5 Ke2 35. Rf8 e4 36. h6 Kd2 37. h7 e3 38. h8=Q e2 39. Qd4+ Ke1 40. Rh8 Kf1 41. Rh1+ Kg2 42. Rg1+ Kh2 43. Qf2+ Kh3 44. Qg3# 1-0

[Event "*** Titled Tuesday Blitz"]
[Site "Chess.com"]
[Date "2020.05.12"]
[Round "7"]
[White "Bulldog167"]
[Black "Niclox"]
[Result "0-1"]
[WhiteElo "2812"]
[BlackElo "2604"]
[TimeControl "180+1"]
[EndTime "11:15:01 PDT"]
[Termination "Niclox won by resignation"]

1. e4 c5 2. Nf3 d6 3. d4 cxd4 4.
Nxd4 Nf6 5. Nc3 g6 6. Be3 Bg7 7. f3 O-O 8. Qd2 Nc6 9. O-O-O Nxd4 10. Bxd4 Be6 11. h4 Qa5 12. Kb1 Rfc8 13. Nd5 Qxd2 14. Rxd2 Bxd5 15. exd5 h5 16. c3 Nd7 17. Bxg7 Kxg7 18.
g3 Ne5 19. f4 Nc4 20. Re2 Kf6 21.
Bh3 Rc7 22. Rf1 Rg8 23. f5 g5 24. hxg5+ Rxg5 25. Rf3 Ne5 26. Rfe3 Rc8 27. Kc2 Rcg8 28. Rg2 h4 29. g4 Nxg4 0-1

[Event "*** Titled Tuesday Blitz"]
[Site "Chess.com"]
[Date "2020.05.12"]
[Round "7"]
[White "GM-2023"]
[Black "venus02"]
[Result "0-1"]
[WhiteElo "2087"]
[BlackElo "2288"]
[TimeControl "180+1"]
[EndTime "11:15:02 PDT"]
[Termination "venus02 won on time"]

1. e4 c6 2. d4 d5 3. Nc3 dxe4 4.
Nxe4 Bf5 5. Ng3 Bg6 6. c3 e6 7.
h4 h6 8. N1e2 Bd6 9. Nf4 Bxf4 10. Bxf4 Nf6 11. Bd3 Bxd3 12. Qxd3 Qd5 13. f3 Nbd7 14.
a3 O-O 15. Ne4 Nxe4 16. fxe4 Qh5 17. Qh3 Nf6 18. Rg1 Nxe4 19. g4 Qb5 20. O-O-O Nf2 21. Qf3 Nxd1 22. Rxd1 Qd5 23. Qe2 f6 24. Rg1 g5 25. Qd3 Kg7 26. Bg3 c5 27. Rh1 Qxh1+ 0-1

[Event "*** Titled Tuesday Blitz"]
[Site "Chess.com"]
[Date "2020.05.12"]
[Round "7"]
[White "Beca95"]
[Black "DanielRensch"]
[Result "1-0"]
[WhiteElo "2898"]
[BlackElo "2504"]
[TimeControl "180+1"]
[EndTime "11:15:03 PDT"]
[Termination "Beca95 won by resignation"]

1. d4 Nf6 2. c4 e6 3. Nc3 Bb4 4.
Nf3 O-O 5. Bg5 c5 6. d5 d6 7. Nd2 Bxc3 8. bxc3 e5 9. e3 Nbd7 10. Bd3 Re8 11. f3 h6 12. Bh4 Qa5 13. Qc2 b5 14. O-O bxc4 15. Nxc4 Qc7 16. e4 Rb8 17.
Qa4 g5 18. Bf2 Kg7 19. Rab1 Nb6 20. Qa5 Nfd7 21. Rb3 Rb7 22. Rfb1 Qb8 23. Ne3 Nf8 24. Ba6 Rd7 25. Bxc8 Qxc8 26. Qb5 Ng6 27. a4 Ne7 28. a5 Na8 29. Nc4 Nc7 30. Qb7 Qa8 31. Qxa8 Rxa8 32.
Rb7 Nc8 33. Rb8 Rxb8 34. Rxb8 Ne7 35. Rb7 1-0

[Event "*** Titled Tuesday Blitz"]
[Site "Chess.com"]
[Date "2020.05.12"]
[Round "7"]
[White "ENEASZ"]
[Black "FairChess_on_YouTube"]
[Result "0-1"]
[WhiteElo "2509"]
[BlackElo "3058"]
[TimeControl "180+1"]
[EndTime "11:15:04 PDT"]
[Termination "FairChess_on_YouTube won by resignation"]

1. e4 c6 2. d4 d5 3. exd5 cxd5 4. Bd3 Nc6 5. c3 Qc7 6. Ne2 Bg4 7. O-O e6 8. Qe1 Be7 9. h3 Bf5 10. Bxf5 exf5 11.
Bf4 Qd7 12. Be5 f6 13. Bh2 g5 14. Nd2 f4 15. Qd1 h5 16. Re1 O-O-O 17. b4 Bd6 18.
Nb3 f3 19. gxf3 Qxh3 20. Bxd6 Rxd6 21. Ng3 h4 22. Nf1 Nh6 23. b5 g4 24. fxg4 Nxg4 25. Qc2 Rg8 26. Qh7 Rdd8 27. Ng3 Qh2+ 0-1

[Event "*** Titled Tuesday Blitz"]
[Site "Chess.com"]
[Date "2020.05.12"]
[Round "7"]
[White "KarstenHansch"]
[Black "korbul"]
[Result "0-1"]
[WhiteElo "2368"]
[BlackElo "2566"]
[TimeControl "180+1"]
[EndTime "11:15:04 PDT"]
[Termination "korbul won by resignation"]

1. e4 c5 2. Nf3 e6 3. c3 Nf6 4.
Qc2 b6 5. d3 d5 6. Bg5 Be7 7.
Nbd2 O-O 8. exd5 Nxd5 9. Bxe7 Nxe7 10. d4 Bb7 11. Bd3 h6 12. O-O-O Nd7 13. Be4 Qc7 14. Bxb7 Qxb7 15. Qe4 Qa6 16. Kb1 b5 17. dxc5 Nxc5 18.
Qb4 Qb6 19. Nb3 Nxb3 20. Qxe7 Na5 21. Ne5 Qxf2 22. Rdf1 Qxg2 23. Nd7 Nc4 24. Qb4 Nd2+ 0-1

[Event "*** Titled Tuesday Blitz"]
[Site "Chess.com"]
[Date "2020.05.12"]
[Round "7"]
[White "chessablanca"]
[Black "Susal_De_Silva"]
[Result "0-1"]
[WhiteElo "2460"]
[BlackElo "2279"]
[TimeControl "180+1"]
[EndTime "11:15:04 PDT"]
[Termination "Susal_De_Silva won by resignation"]

1. g3 Nf6 2. Bg2 d5 3. Nf3 b6 4. O-O Bb7 5. d3 e6 6. Nbd2 Nbd7 7. b3 Be7 8. Bb2 O-O 9. Re1 c5 10. e4 dxe4 11. dxe4 Qc7 12. e5 Nd5 13. c4 Nb4 14. Qb1 Rfd8 15. a3 Nc6 16. Bc3 Nf8 17. Qb2 Rd7 18.
Ne4 Rad8 19. Nd6 Ba8 20. Rad1 Ng6 21. Nxf7 Kxf7 22. Rxd7 Qxd7 23. h4 Nd4 24. Bxd4 Bxf3 25. Be3 Bxg2 26. Kxg2 Qc6+ 27. Kh3 Qf3 28. Qc2 Nxh4 29.
Rg1 Qf5+ 30. Qxf5+ Nxf5 31. Bf4 g5 32. Bc1 Rd3 33.
Kg4 Kg6 34. Rh1 0-1

[Event "*** Titled Tuesday Blitz"]
[Site "Chess.com"]
[Date "2020.05.12"]
[Round "7"]
[White "floplover"]
[Black "zmeeed67"]
[Result "1-0"]
[WhiteElo "2249"]
[BlackElo "2403"]
[TimeControl "180+1"]
[EndTime "11:15:05 PDT"]
[Termination "floplover won by checkmate"]

1. d4 d5 2. c4 e6 3. Nc3 c6 4. Nf3 Nf6 5. Bg5 dxc4 6. e4 b5 7. e5 h6 8. Bh4 g5 9. Nxg5 Nd5 10.
Nxf7 Qxh4 11. Nxh8 Bb4 12. Rc1 Qe4+ 13. Be2 Nf4 14. Qd2 Nd3+ 15. Kf1 Nxc1 16. Qxc1 Qxd4 17. Qxh6 Nd7 18. Qxe6+ Kd8 19. Qxc6 Rb8 20. e6 Qxh8 21.
Nd5 Qe5 22. Nxb4 Qxb2 23. Qd6 Rb6 24. e7+ Ke8 25. Bh5# 1-0

[Event "*** Titled Tuesday Blitz"]
[Site "Chess.com"]
[Date "2020.05.12"]
[Round "7"]
[White "MoreChessJulia"]
[Black "madalin18"]
[Result "1-0"]
[WhiteElo "1800"]
[BlackElo "2167"]
[TimeControl "180+1"]
[EndTime "11:15:05 PDT"]
[Termination "MoreChessJulia won by resignation"]

1. d4 Nf6 2. c4 g6 3. f3 d5 4. cxd5 Nxd5 5. e4 Nb6 6. Nc3 Bg7 7. Be3 O-O 8. a4 Nc6 9. a5 Nd7 10. Bc4 a6 11. Nge2 Nf6 12. O-O Bd7 13. g4 Bc8 14. e5 Ne8 15. e6 Bxe6 16. Bxe6 fxe6 17. Qb3 Nxd4 18. Nxd4 Bxd4 19. Qxe6+ Kh8 20. Rad1 Bxe3+ 21. Qxe3 Nd6 22. Qe5+ Kg8 23. Nd5 Rf7 24. Rde1 e6 25.
Qxe6 Qf8 26. Nf6+ Kg7 27. g5 Nf5 28. Qe5 Rxf6 29. gxf6+ Qxf6 30. Qxc7+ Kh6 31. Re4 Rd8 32. Qe5 Qg5+ 33. Rg4 Qh5 34. Qf4+ g5 35. Qxf5 Rd2 36. Qf6+ Qg6 37. Qxg6+ Kxg6 38. Rf2 1-0

[Event "*** Titled Tuesday Blitz"]
[Site "Chess.com"]
[Date "2020.05.12"]
[Round "7"]
[White "LiemLe"]
[Black "Firehand33"]
[Result "1-0"]
[WhiteElo "2957"]
[BlackElo "2728"]
[TimeControl "180+1"]
[EndTime "11:15:06 PDT"]
[Termination "LiemLe won by resignation"]

1. Nf3 d5 2. e3 Nf6 3. c4 e6 4. Nc3 Be7 5. b3 O-O 6. Bb2 b6 7. cxd5 exd5 8. d4 Bb7 9. Bd3 Nbd7 10. O-O a6 11. Rc1 Bd6 12. Ne2 Re8 13. Qc2 Ne4 14. Ne5 Bxe5 15. dxe5 Ndc5 16. Rfd1 Nxd3 17. Rxd3 Nc5 18.
Rd2 Qg5 19. Nf4 Rac8 20. Nxd5 Ne6 21. Rcd1 c5 22. f4 Qg4 23. Nxb6 Rc6 24. Nc4 Ba8 25. Nd6 Rf8 26. h3 Qg3 27. Nf5 Nd4 28. Nxg3 Nxc2 29.
Rxc2 1-0

[Event "*** Titled Tuesday Blitz"]
[Site "Chess.com"]
[Date "2020.05.12"]
[Round "7"]
[White "amiralfio"]
[Black "Borsuk_Konstantin"]
[Result "0-1"]
[WhiteElo "2472"]
[BlackElo "2650"]
[TimeControl "180+1"]
[EndTime "11:15:08 PDT"]
[Termination "Borsuk_Konstantin won by resignation"]

1. e4 e6 2. d4 d5 3. Nd2 Nf6 4. Bd3 c5 5. Ngf3 cxd4 6. Nxd4 e5 7. N4f3 dxe4 8. Nxe4 Nxe4 9. Bxe4 Qxd1+ 10. Kxd1 f6 11. Be3 Nc6 12. Ke2 Be6 13. b3 Kf7 14. Rhd1 Be7 15.
h3 h5 16. Rd2 g5 17. h4 g4 18.
Nh2 f5 19. Bxc6 bxc6 20. g3 a5 21. Nf1 a4 22. Rad1 axb3 23. axb3 Bb4 24. Rd3 Ra2 25. Bd2 Rxc2 26. Rc1 Rxc1 27. Bxc1 Ra8 28. Ne3 Ra2+ 29. Kf1 Ra1 0-1

[Event "*** Titled Tuesday Blitz"]
[Site "Chess.com"]
[Date "2020.05.12"]
[Round "7"]
[White "Mfcyryd"]
[Black "Funo09"]
[Result "1-0"]
[WhiteElo "2589"]
[BlackElo "2715"]
[TimeControl "180+1"]
[EndTime "11:15:12 PDT"]
[Termination "Mfcyryd won by resignation"]

1. e4 c5 2. Nf3 Nf6 3. d4 Nxe4 4. Bd3 d5 5. O-O Nc6 6. c3 Bg4 7. h3 Bh5 8. Qb3 Rb8 9. Bxe4 dxe4 10. Ne5 Nxe5 11.
dxe5 e6 12. Be3 Be7 13. Qa4+ b5 14. Qxe4 O-O 15. Nd2 Bg6 16. Qf3 a5 17. Ne4 Qd5 18.
Nxc5 Qxf3 19. gxf3 Rfd8 20. Rfd1 a4 21. Kf1 Bc2 22. Rxd8+ Rxd8 23. Rc1 Bf5 24. Kg2 Rd5 25. c4 bxc4 26. Rxc4 h6 27. Nxa4 Rxe5 28. b4 Bb1 29. Nc3 Bd3 30. Rd4 Ba6 31. a4 Rf5 32. b5 Bb7 33. Ne4 Ba3 34. Rd7 Bd5 35. b6 Bc6 36. Rc7 Bxa4 37. b7 Rb5 38. Rc8+ Kh7 39. b8=Q Rxb8 40. Rxb8 Be7 41. Rb7 Bf6 1-0

[Event "*** Titled Tuesday Blitz"]
[Site "Chess.com"]
[Date "2020.05.12"]
[Round "7"]
[White "politeplayer"]
[Black "Kislov_Oleg"]
[Result "0-1"]
[WhiteElo "2185"]
[BlackElo "2331"]
[TimeControl "180+1"]
[EndTime "11:15:12 PDT"]
[Termination "Kislov_Oleg won by resignation"]

1. e4 e6 2. d3 d5 3. Nd2 Nf6 4. Ngf3 Nc6 5. g3 Bc5 6. Bg2 dxe4 7. dxe4 e5 8. O-O O-O 9. c3 a5 10. Nb3 Bb6 11. Qxd8 Rxd8 12. Bg5 Be6 13. Bxf6 gxf6 14. Rad1 a4 15. Nc1 Na5 16. Nh4 Nc4 17. Rxd8+ Rxd8 18. b3 axb3 19. axb3 Na5 20. c4 Rd2 21. Nf5 Bxf5 22. exf5 c6 23. Bf3 Bd4 24. Kg2 Kg7 25. h4 Bb2 26. b4 Nxc4 27. Nb3 Ne3+ 28. Kg1 Nxf1 29. Kxf1 Rd3 0-1

[Event "*** Titled Tuesday Blitz"]
[Site "Chess.com"]
[Date "2020.05.12"]
[Round "7"]
[White "gmcorrales"]
[Black "stoleriu"]
[Result "1-0"]
[WhiteElo "2787"]
[BlackElo "2561"]
[TimeControl "180+1"]
[EndTime "11:15:13 PDT"]
[Termination "gmcorrales won by resignation"]

1. e4 e6 2. d4 d5 3. e5 c5 4. c3 Nc6 5. Nf3 Bd7 6. Be2 Nge7 7. Na3 cxd4 8. cxd4 Nf5 9. Nc2 Nb4 10. Ne3 Rc8 11. O-O Nxe3 12. fxe3 Be7 13. a3 Nc6 14. b4 O-O 15. Bd2 f6 16. b5 Nb8 17. exf6 Bxf6 18. Bd3 Qe8 19. a4 a6 20. Bb4 Rf7 21. Ra2 axb5 22.
Raf2 Nc6 23. Bd6 Be7 24. axb5 Bxd6 25. bxc6 Bxc6 26. Bxh7+ Kh8 27. Bg6 Bb5 28. Ng5 Rxf2 29. Qh5+ Kg8 30. Qh7+ Kf8 31. Rxf2+ Ke7 32. Qxg7+ Kd8 33.
Qf6+ Qe7 34. Nxe6+ Kd7 35. Nc5+ Bxc5 36. Bf5+ Kd8 37. Bxc8 Qxf6 38. Rxf6 Be7 39. Rb6 1-0